 Dungeon Crawl Stone Soup version 0.29-a0-344-ge2f44be95a (webtiles) character file.

Game seed: 1733476577012881753

5518 NinjaNoafa the Nimble (level 10, -5/74 HPs)
             Began as a Merfolk Monk on Apr 21, 2022.
             Was a Believer of Uskayaw.
             Slain by a troll (7 damage)
             ... on level 9 of the Dungeon.
             The game lasted 00:30:40 (9433 turns).

NinjaNoafa the Nimble (Merfolk Monk)                Turns: 9433, Time: 00:30:40

Health: -5/74      AC: 14    Str: 13    XL:     10   Next: 70%
Magic:  9/15       EV: 14    Int: 11    God:    Uskayaw [**....]
Gold:   307        SH:  8    Dex: 18    Spells: 9/9 levels left

rFire   + . .      SeeInvis .   a - +5 falchion (chaos)
rCold   . . .      Faith    .   N - +0 kite shield
rNeg    + . .      Spirit   .   B - +0 swamp dragon scales
rPois   +          Reflect  .   L - +0 hat
rElec   .          Harm     .   l - +2 cloak {rPois}
rCorr   .          Rampage  .   g - +0 pair of gloves
Will    .....      Rage     1%  o - +2 pair of boots
Stlth   ++........              (no amulet)
HPRegen 0.22/turn               d - ring of positive energy
MPRegen 0.14/turn               f - ring of protection from fire

@: no status effects
A: (nimble swimmer 2), mertail, berserk 1, frail 1
a: Renounce Religion, Stomp, Line Pass


You were on level 9 of the Dungeon.
You worshipped Uskayaw.
Uskayaw was noncommittal.
You visited 2 branches of the dungeon, and saw 10 of its levels.
You also visited: Ossuary.

You collected 403 gold pieces.
You spent 96 gold pieces at shops.

Inventory:

Hand Weapons
 a - a +5 falchion of chaos (weapon)
 i - a +4 quarterstaff of chaos
 m - the +5 mace "Weaqe" {flame, SInv}
   (You found it on level 2 of the Dungeon)

   It burns those it strikes, dealing additional fire damage.
   SInv:      It lets you see invisible.
 s - a +1 hunting sling of freezing
 z - a +2 dagger of protection
 A - a +1 long sword of draining
 G - a +0 short sword
Missiles
 e - 243 stones
 x - 21 poisoned darts (quivered)
 D - 4 silver javelins
 E - 2 curare-tipped darts
 H - 4 boomerangs
 M - 4 atropa-tipped darts
Armour
 b - a +0 robe
 g - a +0 pair of gloves (worn)
 j - a +0 pair of gloves
 l - a +2 cloak of poison resistance (worn)
 o - a +2 pair of boots (worn)
 B - +0 swamp dragon scales (worn)
 L - a +0 hat (worn)
 N - a +0 kite shield (worn)
Jewellery
 d - a ring of positive energy (left hand)
 f - a ring of protection from fire (right hand)
 I - a ring of ice
Wands
 u - a wand of paralysis (8)
 v - a wand of iceblast (6)
 C - a wand of mindburst (21)
 F - a wand of acid (17)
 J - a wand of flame (15)
Scrolls
 k - 2 scrolls of summoning
 n - a scroll of blinking
 t - a scroll of fear
 w - a scroll of teleportation
 y - 3 scrolls of magic mapping
 K - a scroll of fog {unknown}
Potions
 c - 3 potions of heal wounds
 h - a potion of lignification
 p - 2 potions of flight
 q - 9 potions of curing
 r - 4 potions of attraction


   Skills:
 - Level 9.0 Fighting
 - Level 4.3(5.9) Short Blades
 + Level 6.1(6.8) Long Blades
 - Level 6.6 Maces & Flails
 - Level 10.0 Dodging
 - Level 5.0 Stealth
 - Level 7.0 Invocations
 - Level 6.1 Evocations


You had 9 spell levels left.
You didn't know any spells.
Your spell library contained the following spells:

 Spells                   Type           Power      Damage    Failure   Level
 Animate Dead             Necr           0%         N/A       100%        4
 Borgnjor's Vile Clutch   Necr/Erth      0%         N/A       100%        5
 Death Channel            Necr           0%         N/A       100%        6


Dungeon Overview and Level Annotations

Branches:
Dungeon (9/15)             Temple (1/1) D:6         Ossuary (visited)
   Lair: D:8-11         Orc: D:9-12

Altars:
Ashenzari
Fedhas
Hepliaklqana
Kikubaaqudgha
Makhleb
Nemelex Xobeh
Okawaru
Qazlal
Ru
Sif Muna
Trog
Uskayaw
Wu Jian
Xom
Yredelemnul
The Shining One

Shops:
D:3 [   D:7 [:

Annotations:
D:5 2 transporters, Slifar's ghost, novice DjIE


Innate Abilities, Weirdness & Mutations

((You are very nimble when in or above water. (Stealth+, EV+, Speed+++)))
Your lower body shifts to a powerful aquatic tail in water.
You tend to lose your temper in combat.
You are frail. (-10% HP)


Message History

The troll is moderately wounded.
The gnoll sergeant completely misses you.
The gnoll hits the gnoll with a +0 whip.
The gnoll hits the gnoll sergeant with a +0 halberd!
The troll bites you but does no damage. The troll misses you.
The troll barely misses you.
You can now pass through a line of other dancers.
You hit the troll.
The troll is moderately wounded.
The gnoll sergeant completely misses you.
The gnoll hits itself with a +0 whip.
The gnoll seems less confused. x2; The troll seems less confused.
You block the gnoll sergeant's attack. The troll bites you but does no damage.
The troll claws you. You block the troll's attack.
You closely miss the troll.
The troll is moderately wounded.
The gnoll hits you but does no damage.
The gnoll sergeant hits you with a +0 spear!
The troll bites you but does no damage. The troll claws you.
The troll claws you!
* * * LOW HITPOINT WARNING * * *
You block the gnoll's attack.
You stomp with the beat, sending a shockwave through the revellers around you!
You kill the gnoll! x2; You kill the gnoll sergeant!
The troll is severely wounded.
You can no longer pass through a line of other dancers.
You block the troll's attack. The troll barely misses you.
You block the troll's attack.
You can now pass through a line of other dancers.
You slash the troll! You freeze the troll.
The troll is almost dead.
The troll bites you.
* * * LOW HITPOINT WARNING * * *
The troll closely misses you. You block the troll's attack.
You hit the troll but do no damage.
The troll is severely wounded.
The troll bites you!
* * * LOW HITPOINT WARNING * * *
The troll barely misses you. The troll claws you!
You die...

## ... #####. #....#.
######## ##.....#
#......# #......#
#.####.####.T....##
#.##.....##@)......
#.##.#.#.##)).###.#
######.)..#.#...)..##...
........................
.....##########.......#.
####.#### #.##..###
###....# #.# ..#.
#...##.# #.#...#.#
##....#^#######.#< .#...


You could see a troll.

Vanquished Creatures
  Maggie (D:6)
  A troll (D:8)
  3 dream sheep (D:7)
  A yak (D:6)
  2 steam dragons
  2 water moccasins
  An orc warrior (D:7)
  A sky beast (D:7)
  2 ice beasts
  A black bear (D:7)
  2 ogres
  3 centaurs
  2 elf zombies (Ossuary)
  A phantom (D:4)
  4 kobold brigands
  Blork the orc (D:6)
  2 gnoll sergeants (D:9)
  2 necrophages
  2 bullfrogs (D:8)
  A scorpion (D:6)
  3 wights (D:7)
  6 killer bees (D:8)
  A howler monkey (D:4)
  A crimson imp (D:7)
  A centaur zombie (Ossuary)
  4 hounds
  A jelly (D:4)
  A gnoll shaman (D:7)
  Crazy Yiuf (D:2)
  An iguana (D:6)
  3 orc wizards
  2 mummies (Ossuary)
  11 gnolls
  9 adders
  3 shadow imps
  4 ufetubi
  An adder zombie (Ossuary)
  2 worms
  4 dart slugs
  9 orcs
  6 endoplasms
  3 giant cockroaches
  6 goblins
  2 hobgoblins
  9 jackals
  6 ball pythons
  9 bats
  5 frilled lizards
  2 goblin zombies (Ossuary)
  6 hobgoblin zombies (Ossuary)
  A jackal zombie (Ossuary)
  26 kobolds
  14 kobold zombies (Ossuary)
  8 orc zombies (Ossuary)
  3 rats
  2 rat zombies (Ossuary)
211 creatures vanquished.

Vanquished Creatures (collateral kills)
  3 yaks (D:6)
3 creatures vanquished.

Vanquished Creatures (others)
  A ball python (D:4)
1 creature vanquished.

Grand Total: 215 creatures vanquished

Notes
Turn   | Place    | Note
-------+----------+-------------------------------------------
     0 | D:1      | NinjaNoafa the Merfolk Monk began the quest for the Orb.
     0 | D:1      | Reached XP level 1. HP: 18/18 MP: 1/1
    84 | D:1      | Found a faded altar of an unknown god.
   108 | D:1      | Reached XP level 2. HP: 3/24 MP: 2/2
  1066 | D:2      | Reached XP level 3. HP: 29/29 MP: 3/3
  1194 | D:2      | Found a runed translucent door.
  1195 | D:2      | Noticed Crazy Yiuf
  1287 | D:2      | Killed Crazy Yiuf
  1288 | D:2      | Reached XP level 4. HP: 17/37 MP: 4/4
  1292 | D:2      | Identified the +5 mace "Weaqe" {flame, SInv}
  2072 | D:3      | Found a hide-covered altar of Uskayaw.
  2084 | D:3      | Became a worshipper of Uskayaw the Reveller
  2084 | D:3      | Reached * piety under Uskayaw
  2315 | D:3      | Reached skill level 5 in Dodging
  2467 | D:3      | Reached XP level 5. HP: 42/42 MP: 5/5
  2511 | D:3      | Reached ** piety under Uskayaw
  2682 | D:3      | Found Soamaorgh's Antique Armour Shoppe.
  2864 | D:4      | Gained mutation: Your spells are a little easier to cast,
                  | but a little less powerful. [potion of mutation]
  2864 | D:4      | Gained mutation: You are frail. (-10% HP) [potion of
                  | mutation]
  2864 | D:4      | Gained mutation: You tend to lose your temper in combat.
                  | [potion of mutation]
  2864 | D:4      | Lost mutation: Your spells are a little easier to cast, but
                  | a little less powerful. [potion of mutation]
  2870 | D:4      | Reached skill level 1 in Maces & Flails
  2878 | D:4      | Reached *** piety under Uskayaw
  2912 | D:4      | Reached skill level 1 in Invocations
  2912 | D:4      | Reached skill level 1 in Evocations
  3222 | D:4      | Reached XP level 6. HP: 9/43 MP: 4/7
  3721 | D:4      | Found a blossoming altar of Fedhas.
  3748 | D:4      | Reached skill level 5 in Maces & Flails
  3748 | D:4      | Reached skill level 8 in Dodging
  3748 | D:4      | Reached XP level 7. HP: 54/54 MP: 8/12
  3766 | D:4      | Reached XP level 8. HP: 60/60 MP: 10/13
  3936 | D:5      | Entered Level 5 of the Dungeon
  4015 | D:5      | Found a transporter.
  4147 | D:5      | Noticed Slifar's ghost (novice DjIE)
  4171 | D:5      | Noticed an unseen horror
  4253 | D:5      | Found a transporter.
  4372 | D:5      | Reached skill level 9 in Dodging
  4631 | D:6      | Noticed Blork the orc
  4642 | D:6      | Killed Blork the orc
  4715 | D:6      | Noticed Maggie
  4736 | D:6      | Killed Maggie
  5191 | D:6      | Found a hazy altar of Hepliaklqana.
  5229 | D:6      | Reached XP level 9. HP: 65/65 MP: 14/14
  5287 | D:6      | Found a staircase to the Ecumenical Temple.
  5296 | Temple   | Entered the Ecumenical Temple
  6474 | D:7      | Found Biottodd's Book Shoppe.
  6581 | D:7      | Reached skill level 5 in Stealth
  6589 | D:7      | Reached **** piety under Uskayaw
  6592 | D:7      | Reached skill level 10 in Dodging
  6595 | D:7      | Reached ***** piety under Uskayaw
  6920 | D:7      | Reached XP level 10. HP: 41/73 MP: 13/15
  7198 | D:7      | Found a glowing golden altar of the Shining One.
  7246 | D:7      | Found a shimmering altar of Xom.
  7246 | D:7      | Found a burning altar of Makhleb.
  7261 | D:7      | Paralysed by a crimson imp for 5 turns
  7405 | D:7      | Found Miynnith's Magic Scroll Shop.
  7594 | D:7      | Found Rufuy's Antique Armour Emporium.
  7641 | D:7      | Bought a hat for 96 gold pieces
  7938 | D:8      | Reached skill level 1 in Long Blades
  8284 | D:8      | Found a sand-covered staircase.
  8289 | Ossuary  | Entered an ossuary
  8970 | D:8      | Reached skill level 5 in Long Blades
  9373 | D:9      | Found a sacrificial altar of Ru.
  9433 | D:9      | HP: 2/74 [troll (14)]
  9433 | D:9      | Slain by a troll

Illustrated notes

Levels and vault maps discovered:
D:1:      lordsloth_arrival_two_stooges, layout_basic,
          chequers_ecumenical_altar_simple_redux
D:2:      layout_loops_cross, uniq_crazy_yiuf_cottage
D:3:      layout_loops_ring, nicolae_uskayaw_murder_on_the_dancefloor,
          serial_shops, shop, dk_vineyard_1
D:4:      layout_basic, lemuel_doored_altar, st_stairs_10
D:5:      layout_loops_ring, gammafunk_ghost_arena
D:6:      layout_gridville, nicolae_hepliaklqana_hippocampus,
          minmay_temple_entry_drinking_statues, grunt_ministairs_9,
          mrwooster_statue_mirror, hangedman_abyss_or_decor_passed,
          minmay_holes, uniq_maggie, uniq_blork_the_orc
D:7:      layout_loops_corners, grunt_temple_overflow_champion_of_chaos,
          tso_metal_star, serial_shops, nicolae_shop_hallway_stairs, shop,
          nicolae_inconvenience_store, grunt_decor_fettered,
          roderic_roman_lattice, chequers_serial_rivers_micro_c,
          dreamdust_gnoll_shepherd
D:8:      layout_basic, enter_ossuary_5
D:9:      layout_basic, nicolae_overflow_crystal_walls, kennysheep_mini_moat,
          lemuel_crystal_altar, chequers_temple_overflow_minitemple,
          serial_co_window_serial, co_window_of_opportunity_a,
          co_window_paths_b, co_window_corner_a, co_window_cross_1,
          co_window_paths_a, co_window_corner_a, co_window_paths_a,
          co_window_broadway_c, co_window_broadway_b,
          co_window_of_opportunity_c, co_window_2corner, glass_columns_b,
          glass_columns_a, glass_columns_a
Temple:   compressed_dpeg_triangle_lava_temple

Skill      XL: |  1  2  3  4  5  6  7  8  9 10 |
---------------+-------------------------------+-----
Short Blades   | 4 |  4.3
Stealth        | 3 4 5 |  5.0
Fighting       | 4 7 8 9 |  9.0
Dodging        | 5 8 9 10 | 10.0
Maces & Flails | 1 5 6 |  6.6
Invocations    | 1 6 7 |  7.0
Evocations     | 1 6 |  6.1
Long Blades    | 6 |  6.1

Action                   |  1- 3 |  4- 6 |  7- 9 | 10-12 || total
-------------------------+-------+-------+-------+-------++-------
Melee: Short sword       |    98 |       |       |       ||    98
       Punch             |     1 |       |     1 |       ||     2
       Mace              |       |   100 |   124 |    58 ||   282
       Quarterstaff      |       |     2 |     6 |       ||     8
       Falchion          |       |       |       |   218 ||   218
 Fire: Hunting sling     |       |    28 |    12 |       ||    40
Throw: Dart              |       |       |     6 |     7 ||    13
Invok: Stomp             |       |     1 |     2 |     1 ||     4
       Line Pass         |       |     1 |     1 |     1 ||     3
Evoke: Wand              |       |       |     2 |       ||     2
  Use: Scroll            |     5 |     6 |     3 |     8 ||    22
       Potion            |     4 |     6 |     3 |     1 ||    14
 Stab: Sleeping          |     7 |     7 |     3 |     2 ||    19
       Invisible         |       |     2 |       |       ||     2
       Distracted        |       |     1 |       |       ||     1
       Paralysed         |       |       |     9 |    14 ||    23
       Confused          |       |       |       |     1 ||     1
Armor: Robe              |    17 |    50 |    16 |       ||    83
       Swamp dragon scal |       |       |    56 |   168 ||   224
Dodge: Dodged            |    67 |   154 |   162 |   367 ||   750
Block: Kite shield       |       |       |       |    17 ||    17

Table legend: (Time is in decaauts)
 A = Elapsed time spent in this place.
 B = Non-inter-level travel time spent in this place.
 C = Inter-level travel time spent in this place.
 D = Time resting spent in this place.
 E = Time spent auto-exploring this place.
 F = Levels seen in this place.
 G = Mean time per level.
                   A        B        C        D        E       F      G
               +--------+--------+--------+--------+--------+-----+--------+
         Total |   9572 |   9042 |    530 |    158 |   6996 |  11 |  870.2 |
       Dungeon |   8908 |   8385 |    523 |    157 |   6514 |   9 |  989.8 |
        Temple |    296 |    289 |      7 |      0 |    279 |   1 |  296.0 |
       Ossuary |    367 |    367 |      0 |      1 |    202 |   1 |  367.0 |
               +--------+--------+--------+--------+--------+-----+--------+

Top non-repeatable levels by time:
     D:7: 1470 daAuts
     D:6: 1297 daAuts
     D:4: 1157 daAuts
     D:1: 1049 daAuts
     D:3: 1023 daAuts
     D:2: 981 daAuts
     D:8: 960 daAuts
     D:5: 748 daAuts
 Ossuary: 367 daAuts
  Temple: 296 daAuts
     D:9: 220 daAuts
